WCHLSIM.com - West Coast Hockey League
html PUBLIC "-//W3C//DTD XHTML 1.0 Transitional//EN" "http://www.w3.org/TR/xhtml1/DTD/xhtml1-transitional.dtd"> WCHL - Game 628 - SAN DIEGO THUNDER vs CALGARY FIREMEN

SAN DIEGO THUNDER vs CALGARY FIREMEN

Created - 16 février 2021 at 16:56

Goals
1 2 3 OT1 T
SAN DIEGO THUNDER 4 0 0 1 5
CALGARY FIREMEN 0 1 3 0 4
Shots
1 2 3 OT1 T
SAN DIEGO THUNDER 22 13 7 3 45
CALGARY FIREMEN 4 12 13 3 32

1st period

1. SAN DIEGO THUNDER , Nikita Kucherov 24 (Mark Scheifele 40) at 3:28
2. SAN DIEGO THUNDER , Connor Murphy 9 (Nikita Kucherov 36, Evander Kane 27) at 4:31
3. SAN DIEGO THUNDER , David Perron 12 (Logan Couture 25, Ilya Mikheyev 13) at 4:57
4. SAN DIEGO THUNDER , Marcus Foligno 7 (Jean-Gabriel Pageau 17, Rasmus Dahlin 15) at 9:18

Penalties :
Mark Borowiecki (SDG) for Slashing (Minor) at 17:01

2nd period

5. CALGARY FIREMEN , Brendan Gallagher 29 (Ryan Johansen 35) at 12:35

Penalties :
David Perron (SDG) for Hooking (Minor) at 1:35, Connor Murphy (SDG) for Diving (Minor) at 12:42, Mark Borowiecki (SDG) for Roughing (Minor) at 19:17

3rd period

6. CALGARY FIREMEN , Filip Forsberg 17 (Adam Henrique 25, Viktor Arvidsson 11) at 2:21 (PP)
7. CALGARY FIREMEN , Adam Henrique 28 (Filip Forsberg 45, Jonathon Merrill 6) at 8:28 (PP)
8. CALGARY FIREMEN , Brendan Gallagher 30 (Sami Vatanen 17, Filip Forsberg 46) at 19:38

Penalties :
Connor Murphy (SDG) for Tripping (Minor) at 0:38, David Perron (SDG) for Interference (Minor) at 7:21, Deryk Engelland (SDG) for Hooking (Minor) at 9:07

Overtime #1

9. SAN DIEGO THUNDER , Mark Scheifele 21 (David Perron 27) at 3:50

Penalties :
No Penalty

Goalie Stats

Connor Hellebuyck (SDG), 28 saves from 32 shots - (0,875), W, 25-7-3, 63:51 minutes
Antti Raanta (CGY), 40 saves from 45 shots - (0,889), OTL, 11-7-5, 63:20 minutes

Players Stats for SAN DIEGO THUNDER

Player Name              G  A  P  +/- PIM S  H  SB GA TA FO     MP     PP MP  PK MP  
------------------------------------------------------------------------------------
Charles McAvoy           0  0  0   1  0   0  0  4  0  0  0/0    24:30   0:00   6:40 
Connor Murphy            1  0  1   3  4   3  3  0  0  0  0/0    26:19   0:00   4:56 
David Perron             1  1  2   2  4   8  0  0  0  0  0/1    17:37   0:00   0:10 
Deryk Engelland          0  0  0  -1  2   2  4  0  0  0  0/0    16:07   0:00   4:06 
Drake Batherson          0  0  0   0  0   0  0  0  0  0  0/5     7:47   0:00   4:31 
Evander Kane             0  1  1   0  0   5  1  0  0  0  0/1    19:18   0:00   0:47 
Haydn Fleury             0  0  0   0  0   0  0  0  0  0  0/0     0:00   0:00   0:00 
Ilya Mikheyev            0  1  1   1  0   2  2  0  0  0  0/3    16:02   0:00   0:00 
Jean-Gabriel Pageau      0  1  1   1  0   5  1  0  0  0  14/23  19:38   0:00   7:10 
Logan Couture            0  1  1   1  0   6  2  0  0  0  7/26   15:34   0:00   0:00 
Marcus Foligno           1  0  1   1  0   5  5  0  0  0  0/3    19:37   0:00   4:21 
Mark Borowiecki          0  0  0   1  4   1  8  0  0  0  0/0    22:06   0:00   3:36 
Mark Scheifele           1  1  2   1  0   3  0  0  0  0  16/24  18:58   0:00   0:00 
Nikita Kucherov          1  1  2   0  0   4  0  0  0  0  1/3    18:31   0:00   0:00 
Rasmus Dahlin            0  1  1  -1  0   0  1  2  0  0  0/0    16:26   0:00   3:56 
Robert Fabbri            0  0  0   0  0   0  0  0  0  0  0/4     3:16   0:00   0:00 
Ryan Hartman             0  0  0   1  0   1  0  0  0  0  2/3    18:37   0:00   6:37 
Vladislav Gavrikov       0  0  0   2  0   0  0  1  0  0  0/0    18:18   0:00   0:59 

Players Stats for CALGARY FIREMEN

Player Name              G  A  P  +/- PIM S  H  SB GA TA FO     MP     PP MP  PK MP  
------------------------------------------------------------------------------------
Adam Henrique            1  1  2   1  0   2  3  0  0  0  23/34  23:33   6:17   0:00 
Andy Greene              0  0  0   0  0   1  3  0  0  0  0/0    15:58   0:00   0:00 
Anthony Peluso           0  0  0  -1  0   0  0  0  0  0  0/0     5:49   0:00   0:00 
Brendan Gallagher        2  0  2   0  0   6  1  1  0  0  1/2    22:28   5:50   0:00 
Brent Seabrook           0  0  0  -1  0   1  0  0  0  0  0/0    14:04   0:00   0:00 
Brett Howden             0  0  0  -1  0   0  0  1  0  0  5/8     5:49   0:00   0:00 
Filip Forsberg           1  2  3   1  0   4  2  1  0  0  0/1    23:52   6:17   0:00 
Frans Nielsen            0  0  0  -1  0   0  2  1  0  0  11/18  12:05   0:00   0:00 
Jake McCabe              0  0  0  -1  0   1  0  0  0  0  0/0    23:32   5:58   0:00 
Joakim Nygard            0  0  0  -1  0   1  0  0  0  0  0/2    12:05   0:00   0:00 
Jonathon Merrill         0  1  1  -2  0   1  3  2  0  0  0/0    26:09   5:58   0:00 
Markus Nutivaara         0  0  0  -1  0   0  0  0  0  0  0/0    20:04   6:09   0:00 
Oskar Lindblom           0  0  0  -2  0   5  1  1  0  0  0/2    20:25   5:50   0:00 
Ryan Johansen            0  1  1  -2  0   3  0  0  0  0  16/26  20:25   5:50   0:00 
Sami Vatanen             0  1  1   0  0   1  4  0  0  0  0/0    24:04   6:09   0:00 
Sonny Milano             0  0  0  -1  0   1  1  1  0  0  0/0    12:05   0:00   0:00 
Viktor Arvidsson         0  1  1   0  0   5  0  1  0  0  0/3    23:17   6:17   0:00 
Yakov Trenin             0  0  0  -1  0   0  0  0  0  0  0/0     5:49   0:00   0:00 

3 Stars

1 - Filip Forsberg (CGY)
2 - Brendan Gallagher (CGY)
3 - Adam Henrique (CGY)

Power Play

SAN DIEGO THUNDER - 0 on 0 Attempt(s) - 0,00%
CALGARY FIREMEN - 2 on 7 Attempt(s) - 28,57%

Penalty Kill

SAN DIEGO THUNDER - 5 on 7 Attempt(s) - 71,43% - Score 0 goal in Penalty Kill
CALGARY FIREMEN - 0 on 0 Attempt(s) - 0,00% - Score 0 goal in Penalty Kill

Team Stat

SAN DIEGO THUNDER - Hits : 27 - Faceoff Wins : 40 - Blocked Shots : 7 - Penalty Minutes : 14
CALGARY FIREMEN - Hits : 20 - Faceoff Wins : 56 - Blocked Shots : 9 - Penalty Minutes : 0

Official

Referees : Jim Curtin and Conor O'Donnell
Linesman : Kory Nagy and Travis Gawryletz

Game Notes

No Game Note

Finance

Level 1 -- Attendance: 6000 (100,00%) -- Ticket Income 870 000 $
Level 2 -- Attendance: 5000 (100,00%) -- Ticket Income 550 000 $
Level 3 -- Attendance: 2787 (92,90%) -- Ticket Income 167 220 $
Level 4 -- Attendance: 4775 (95,50%) -- Ticket Income 281 725 $
Luxury Box -- Attendance: 1000 (100,00%) -- Ticket Income 290 000 $
Game was played at the Larouche Stadium.
Total Attendance: 19562 (97,81%)
Total Ticket Income: 2 158 945 $
Other Expense: 21 589 $
Total Income: 2 137 356 $

SAN DIEGO THUNDER

5 vs 5 Forward 
   Center                   Left Wing                Right Wing               Time % Phy DF OF 
 1 Mark Scheifele           Evander Kane             Nikita Kucherov          35     0   2  3  
 2 Logan Couture            David Perron             Ilya Mikheyev            33     0   2  3  
 3 Jean-Gabriel Pageau      Marcus Foligno           Ryan Hartman             26     0   3  2  
 4 Robert Fabbri            Marcus Foligno           Drake Batherson          6      0   4  1  

5 vs 5 Defense 
   Defense                  Defense                                           Time % Phy DF OF 
 1 Mark Borowiecki          Charles McAvoy                                    36     0   4  1  
 2 Connor Murphy            Vladislav Gavrikov                                31     0   4  1  
 3 Deryk Engelland          Rasmus Dahlin                                     18     0   4  1  
 4 Connor Murphy            Mark Borowiecki                                   15     0   2  3  

PowerPlay Forward 
   Center                   Left Wing                Right Wing               Time % Phy DF OF 
 1 Mark Scheifele           David Perron             Nikita Kucherov          55     0   1  4  
 2 Jean-Gabriel Pageau      Evander Kane             Ilya Mikheyev            45     0   1  4  

PowerPlay Defense
   Defense                  Defense                                           Time % Phy DF OF 
 1 Rasmus Dahlin            Connor Murphy                                     55     0   1  4  
 2 Charles McAvoy           Haydn Fleury                                      45     0   1  4  

Penalty Kill 4 Players Forward 
   Center                   Wing                     Time % Phy DF OF 
 1 Jean-Gabriel Pageau      Ryan Hartman             55     0   4  1  
 2 Drake Batherson          Marcus Foligno           45     0   4  1  

Penalty Kill 4 Players Defense
   Defense                  Defense                  Time % Phy DF OF 
 1 Mark Borowiecki          Connor Murphy            55     0   4  1  
 2 Deryk Engelland          Charles McAvoy           45     0   4  1  

Penalty Kill - 3 Players Forward 
   Forward                                           Time % Phy DF OF 
 1 Ryan Hartman                                      55     0   4  1  
 2 Jean-Gabriel Pageau                               45     0   4  1  

Penalty Kill - 3 Players Defense
   Defense                  Defense                  Time % Phy DF OF 
 1 Charles McAvoy           Connor Murphy            55     0   4  1  
 2 Deryk Engelland          Mark Borowiecki          45     0   4  1  

4 vs 4 Forward 
   Center                   Wing                     Time % Phy DF OF 
 1 Mark Scheifele           Nikita Kucherov          55     0   2  3  
 2 Logan Couture            David Perron             45     0   2  3  

4 vs 4 Defense
   Defense                  Defense                  Time % Phy DF OF 
 1 Charles McAvoy           Connor Murphy            55     1   2  2  
 2 Deryk Engelland          Mark Borowiecki          45     1   2  2  

Last Minutes Offensive
   Center                   Left Wing                Right Wing               Defense                  Defense                  
   Mark Scheifele           David Perron             Nikita Kucherov          Charles McAvoy           Rasmus Dahlin            

Last Minutes Defensive
   Center                   Left Wing                Right Wing               Defense                  Defense                  
   Mark Scheifele           Evander Kane             Ryan Hartman             Charles McAvoy           Connor Murphy            

Goaltenders
Starting : Connor Hellebuyck        
Backup : Louis Domingue           

Extra Forwards
Normal : Mark Scheifele, David Perron, Evander Kane - PP : Mark Scheifele, Marcus Foligno - PK : Ryan Hartman
Extra Defensemen
Normal : Connor Murphy, Charles McAvoy, Rasmus Dahlin - PP : Charles McAvoy - PK : Connor Murphy, Charles McAvoy
Penalty Shots
Mark Scheifele, David Perron, Evander Kane, Jean-Gabriel Pageau, Ilya Mikheyev
Custom OT Lines Forwards
Mark Scheifele, David Perron, Nikita Kucherov, Evander Kane, Jean-Gabriel Pageau, Ilya Mikheyev, Robert Fabbri, Drake Batherson, Marcus Foligno, Ryan Hartman
Custom OT Lines Defensemen
Charles McAvoy, Connor Murphy, Rasmus Dahlin, Mark Borowiecki, Vladislav Gavrikov

Scratches
Laurent Brossoit (Fractured Metatarsal (Right Foot) Injury)

CALGARY FIREMEN

5 vs 5 Forward 
   Center                   Left Wing                Right Wing               Time % Phy DF OF 
 1 Adam Henrique            Viktor Arvidsson         Filip Forsberg           32     0   1  4  
 2 Ryan Johansen            Oskar Lindblom           Brendan Gallagher        30     0   1  4  
 3 Frans Nielsen            Joakim Nygard            Sonny Milano             25     0   3  2  
 4 Brett Howden             Yakov Trenin             Anthony Peluso           13     0   4  1  

5 vs 5 Defense 
   Defense                  Defense                                           Time % Phy DF OF 
 1 Jonathon Merrill         Sami Vatanen                                      32     0   2  3  
 2 Andy Greene              Jake McCabe                                       30     0   3  2  
 3 Markus Nutivaara         Brent Seabrook                                    25     0   4  1  
 4 Jake McCabe              Jonathon Merrill                                  13     0   4  1  

PowerPlay Forward 
   Center                   Left Wing                Right Wing               Time % Phy DF OF 
 1 Adam Henrique            Viktor Arvidsson         Filip Forsberg           50     1   0  4  
 2 Ryan Johansen            Oskar Lindblom           Brendan Gallagher        50     1   0  4  

PowerPlay Defense
   Defense                  Defense                                           Time % Phy DF OF 
 1 Markus Nutivaara         Sami Vatanen                                      50     0   1  4  
 2 Jonathon Merrill         Jake McCabe                                       50     0   1  4  

Penalty Kill 4 Players Forward 
   Center                   Wing                     Time % Phy DF OF 
 1 Frans Nielsen            Filip Forsberg           50     0   5  0  
 2 Brett Howden             Joakim Nygard            50     0   5  0  

Penalty Kill 4 Players Defense
   Defense                  Defense                  Time % Phy DF OF 
 1 Sami Vatanen             Markus Nutivaara         50     0   5  0  
 2 Brent Seabrook           Jonathon Merrill         50     0   5  0  

Penalty Kill - 3 Players Forward 
   Forward                                           Time % Phy DF OF 
 1 Filip Forsberg                                    50     0   5  0  
 2 Brendan Gallagher                                 50     0   5  0  

Penalty Kill - 3 Players Defense
   Defense                  Defense                  Time % Phy DF OF 
 1 Markus Nutivaara         Sami Vatanen             50     0   5  0  
 2 Brent Seabrook           Jonathon Merrill         50     0   5  0  

4 vs 4 Forward 
   Center                   Wing                     Time % Phy DF OF 
 1 Ryan Johansen            Filip Forsberg           50     0   1  4  
 2 Viktor Arvidsson         Brendan Gallagher        50     0   1  4  

4 vs 4 Defense
   Defense                  Defense                  Time % Phy DF OF 
 1 Sami Vatanen             Markus Nutivaara         50     0   2  3  
 2 Brent Seabrook           Jonathon Merrill         50     0   2  3  

Last Minutes Offensive
   Center                   Left Wing                Right Wing               Defense                  Defense                  
   Adam Henrique            Filip Forsberg           Brendan Gallagher        Jonathon Merrill         Sami Vatanen             

Last Minutes Defensive
   Center                   Left Wing                Right Wing               Defense                  Defense                  
   Adam Henrique            Filip Forsberg           Brendan Gallagher        Sami Vatanen             Jonathon Merrill         

Goaltenders
Starting : Antti Raanta             
Backup : Vitek Vanecek            

Extra Forwards
Normal : Viktor Arvidsson, Filip Forsberg, Brendan Gallagher - PP : Viktor Arvidsson, Filip Forsberg - PK : Brendan Gallagher
Extra Defensemen
Normal : Jonathon Merrill, Markus Nutivaara, Brent Seabrook - PP : Markus Nutivaara - PK : Sami Vatanen, Brent Seabrook
Penalty Shots
Viktor Arvidsson, Filip Forsberg, Oskar Lindblom, Brendan Gallagher, Ryan Johansen
Custom OT Lines Forwards
Viktor Arvidsson, Filip Forsberg, Adam Henrique, Brendan Gallagher, Ryan Johansen, Oskar Lindblom, Joakim Nygard, Frans Nielsen, Sonny Milano, Brett Howden
Custom OT Lines Defensemen
Jonathon Merrill, Sami Vatanen, Markus Nutivaara, Jake McCabe, Brent Seabrook

Scratches
Darren Raddysh (Healthy)

% Time on Ice - SAN DIEGO THUNDER

Lines # - Real PCT - Wanted PCT - Time Play
Normal Forward
1 - 36% - 35% - 17:03
2 - 33% - 33% - 15:34
3 - 25% - 26% - 12:00
4 - 7% - 6% - 3:16
Normal Defense
1 - 33% - 36% - 15:58
2 - 36% - 31% - 17:19
3 - 25% - 18% - 12:02
4 - 5% - 15% - 2:34
PP Forward
1 - 0% - 55%
2 - 0% - 45%
PP Defense
1 - 0% - 55%
2 - 0% - 45%
PK Forward
1 - 61% - 55% - 6:58
2 - 39% - 45% - 4:31
PK Defense
1 - 52% - 55% - 5:55
2 - 48% - 45% - 5:34
PK3 Forward
1 - 68% - 55% - 0:26
2 - 32% - 45% - 0:12
PK3 Defense
1 - 32% - 55% - 0:12
2 - 68% - 45% - 0:26
44 Forward
1 - 0% - 55%
2 - 0% - 45%
44 Defense
1 - 0% - 55%
2 - 0% - 45%
Last Minute Offensive  - 0:00
Last Minute Defensive  - 0:00
Total
Forward - 60:00
Defense - 60:00

% Time on Ice - CALGARY FIREMEN

Lines # - Real PCT - Wanted PCT - Time Play
Normal Forward
1 - 32% - 32% - 15:01
2 - 30% - 30% - 14:23
3 - 26% - 25% - 12:05
4 - 12% - 13% - 5:49
Normal Defense
1 - 33% - 32% - 15:40
2 - 32% - 30% - 15:14
3 - 28% - 25% - 13:08
4 - 7% - 13% - 3:16
PP Forward
1 - 52% - 50% - 6:17
2 - 48% - 50% - 5:50
PP Defense
1 - 51% - 50% - 6:09
2 - 49% - 50% - 5:58
PK Forward
1 - 0% - 50%
2 - 0% - 50%
PK Defense
1 - 0% - 50%
2 - 0% - 50%
PK3 Forward
1 - 0% - 50%
2 - 0% - 50%
PK3 Defense
1 - 0% - 50%
2 - 0% - 50%
44 Forward
1 - 0% - 50%
2 - 0% - 50%
44 Defense
1 - 0% - 50%
2 - 0% - 50%
Last Minute Offensive  - 0:35
Last Minute Defensive  - 0:00
Total
Forward - 60:00
Defense - 60:00

Play-by-Play

1st period


0:01 of 1st period - Adam Henrique wins face-off versus Mark Scheifele in neutral zone.
0:27 of 1st period - Shot by Evander Kane.
0:27 of 1st period - Stopped by Antti Raanta without a rebound.
0:28 of 1st period - Ryan Johansen wins face-off versus Logan Couture in CALGARY FIREMEN zone.
0:28 of 1st period - Ryan Johansen is hit by Logan Couture.
0:46 of 1st period - Shot by Ryan Johansen.
0:46 of 1st period - Deflect By Oskar Lindblom.
0:46 of 1st period - Shot Misses the Net.
1:01 of 1st period - Off-side.
1:02 of 1st period - Frans Nielsen wins face-off versus Jean-Gabriel Pageau in neutral zone.
1:23 of 1st period - Ryan Hartman is hit by Frans Nielsen and loses puck.
1:39 of 1st period - Icing by Brent Seabrook.
1:40 of 1st period - Mark Scheifele wins face-off versus Frans Nielsen in CALGARY FIREMEN zone.
1:56 of 1st period - Icing by Brent Seabrook.
1:57 of 1st period - Frans Nielsen wins face-off versus David Perron in CALGARY FIREMEN zone.
1:57 of 1st period - Frans Nielsen is hit by Logan Couture.
3:28 of 1st period - Shot by Mark Scheifele.
3:28 of 1st period - Deflect By Nikita Kucherov.
3:28 of 1st period - Goal by Nikita Kucherov - SAN DIEGO THUNDER : 1 - CALGARY FIREMEN : 0.
3:29 of 1st period - Jean-Gabriel Pageau wins face-off versus Adam Henrique in neutral zone.
4:12 of 1st period - Off-side.
4:13 of 1st period - Brendan Gallagher wins face-off versus Nikita Kucherov in neutral zone.
4:13 of 1st period - Brendan Gallagher is hit by Evander Kane.
4:27 of 1st period - Shot by Evander Kane.
4:27 of 1st period - Stopped by Antti Raanta with a rebound.
4:29 of 1st period - Shot by Nikita Kucherov.
4:29 of 1st period - Stopped by Antti Raanta with a rebound.
4:31 of 1st period - Shot by Connor Murphy.
4:31 of 1st period - Goal by Connor Murphy - SAN DIEGO THUNDER : 2 - CALGARY FIREMEN : 0.
4:32 of 1st period - Frans Nielsen wins face-off versus Ilya Mikheyev in neutral zone.
4:57 of 1st period - Shot by David Perron.
4:57 of 1st period - Goal by David Perron - SAN DIEGO THUNDER : 3 - CALGARY FIREMEN : 0.
4:58 of 1st period - Ryan Johansen wins face-off versus Marcus Foligno in neutral zone.
5:39 of 1st period - Shot by Brendan Gallagher.
5:39 of 1st period - Shot Misses the Net.
5:41 of 1st period - Shot by Brendan Gallagher.
5:41 of 1st period - Stopped by Connor Hellebuyck without a rebound.
5:42 of 1st period - Adam Henrique wins face-off versus Mark Scheifele in SAN DIEGO THUNDER zone.
5:42 of 1st period - Adam Henrique is hit by Mark Borowiecki.
5:45 of 1st period - Filip Forsberg is hit by Mark Borowiecki and loses puck.
6:13 of 1st period - Mark Scheifele is hit by Adam Henrique and loses puck.
6:24 of 1st period - Shot by Adam Henrique.
6:24 of 1st period - Stopped by Connor Hellebuyck without a rebound.
6:25 of 1st period - Logan Couture wins face-off versus Brett Howden in SAN DIEGO THUNDER zone.
6:31 of 1st period - Off-side.
6:32 of 1st period - Ryan Johansen wins face-off versus Ryan Hartman in neutral zone.
7:01 of 1st period - Shot by Jean-Gabriel Pageau.
7:01 of 1st period - Stopped by Antti Raanta without a rebound.
7:02 of 1st period - Logan Couture wins face-off versus Adam Henrique in CALGARY FIREMEN zone.
7:02 of 1st period - Logan Couture is hit by Andy Greene.
7:13 of 1st period - Icing by Deryk Engelland.
7:14 of 1st period - Frans Nielsen wins face-off versus Logan Couture in SAN DIEGO THUNDER zone.
7:21 of 1st period - Shot by Frans Nielsen.
7:21 of 1st period - Shot Blocked by Rasmus Dahlin.
7:34 of 1st period - Shot by Logan Couture.
7:34 of 1st period - Shot Misses the Net.
7:44 of 1st period - Shot by David Perron.
7:44 of 1st period - Deflect By Logan Couture.
7:44 of 1st period - Stopped by Antti Raanta without a rebound.
7:45 of 1st period - Mark Scheifele wins face-off versus Adam Henrique in CALGARY FIREMEN zone.
7:55 of 1st period - Mark Scheifele is hit by Andy Greene and loses puck.
8:06 of 1st period - Shot by Filip Forsberg.
8:06 of 1st period - Shot Misses the Net.
8:46 of 1st period - Connor Murphy is hit by Filip Forsberg.
9:18 of 1st period - Shot by Marcus Foligno.
9:18 of 1st period - Goal by Marcus Foligno - SAN DIEGO THUNDER : 4 - CALGARY FIREMEN : 0.
9:19 of 1st period - Ryan Johansen wins face-off versus Logan Couture in neutral zone.
9:32 of 1st period - Logan Couture is hit by Sami Vatanen and loses puck.
9:40 of 1st period - Logan Couture is hit by Sami Vatanen and loses puck.
9:55 of 1st period - Shot by Logan Couture.
9:55 of 1st period - Stopped by Antti Raanta without a rebound.
9:56 of 1st period - Jean-Gabriel Pageau wins face-off versus Brett Howden in CALGARY FIREMEN zone.
10:26 of 1st period - Shot by Marcus Foligno.
10:26 of 1st period - Shot Misses the Net.
10:28 of 1st period - Shot by Ryan Hartman.
10:28 of 1st period - Shot Misses the Net.
11:28 of 1st period - Shot by Nikita Kucherov.
11:28 of 1st period - Shot Blocked by Frans Nielsen.
11:30 of 1st period - Shot by Evander Kane.
11:30 of 1st period - Stopped by Antti Raanta with a rebound.
11:32 of 1st period - Shot by Evander Kane.
11:32 of 1st period - Shot Blocked by Sonny Milano.
11:34 of 1st period - Shot by Nikita Kucherov.
11:34 of 1st period - Stopped by Antti Raanta with a rebound.
11:39 of 1st period - Icing by Sami Vatanen.
11:40 of 1st period - Frans Nielsen wins face-off versus Logan Couture in CALGARY FIREMEN zone.
11:40 of 1st period - Frans Nielsen is hit by Ilya Mikheyev.
11:51 of 1st period - Icing by Rasmus Dahlin.
11:52 of 1st period - Logan Couture wins face-off versus Ryan Johansen in SAN DIEGO THUNDER zone.
11:59 of 1st period - Shot by David Perron.
11:59 of 1st period - Stopped by Antti Raanta without a rebound.
12:00 of 1st period - Nikita Kucherov wins face-off versus Ryan Johansen in CALGARY FIREMEN zone.
12:25 of 1st period - Shot by Oskar Lindblom.
12:25 of 1st period - Shot Hit the Post.
12:27 of 1st period - Shot by Andy Greene.
12:27 of 1st period - Shot Misses the Net.
12:29 of 1st period - Shot by Jake McCabe.
12:29 of 1st period - Deflect By Brendan Gallagher.
12:29 of 1st period - Stopped by Connor Hellebuyck with a rebound.
12:37 of 1st period - Shot by Oskar Lindblom.
12:37 of 1st period - Stopped by Connor Hellebuyck without a rebound.
12:38 of 1st period - Adam Henrique wins face-off versus Logan Couture in SAN DIEGO THUNDER zone.
12:57 of 1st period - Shot by David Perron.
12:57 of 1st period - Stopped by Antti Raanta without a rebound.
12:58 of 1st period - Frans Nielsen wins face-off versus Robert Fabbri in CALGARY FIREMEN zone.
13:11 of 1st period - Connor Murphy is hit by Sonny Milano and loses puck.
13:44 of 1st period - Icing by Vladislav Gavrikov.
13:45 of 1st period - Adam Henrique wins face-off versus Robert Fabbri in SAN DIEGO THUNDER zone.
14:25 of 1st period - Shot by Adam Henrique.
14:25 of 1st period - Shot Blocked by Charles McAvoy.
14:35 of 1st period - Shot by Logan Couture.
14:35 of 1st period - Stopped by Antti Raanta with a rebound.
14:41 of 1st period - Shot by Logan Couture.
14:41 of 1st period - Stopped by Antti Raanta without a rebound.
14:42 of 1st period - Ryan Johansen wins face-off versus Mark Scheifele in CALGARY FIREMEN zone.
15:01 of 1st period - Shot by Evander Kane.
15:01 of 1st period - Stopped by Antti Raanta with a rebound.
15:03 of 1st period - Shot by Evander Kane.
15:03 of 1st period - Shot Misses the Net.
15:05 of 1st period - Shot by Nikita Kucherov.
15:05 of 1st period - Shot Blocked by Oskar Lindblom.
15:07 of 1st period - Shot by Deryk Engelland.
15:07 of 1st period - Stopped by Antti Raanta with a rebound.
15:09 of 1st period - Shot by Deryk Engelland.
15:09 of 1st period - Stopped by Antti Raanta without a rebound.
15:10 of 1st period - Jean-Gabriel Pageau wins face-off versus Brett Howden in CALGARY FIREMEN zone.
15:16 of 1st period - Ryan Hartman is hit by Sami Vatanen and loses puck.
15:49 of 1st period - Jean-Gabriel Pageau is hit by Sami Vatanen and loses puck.
16:04 of 1st period - Shot by Logan Couture.
16:04 of 1st period - Deflect By David Perron.
16:04 of 1st period - Stopped by Antti Raanta without a rebound.
16:05 of 1st period - Mark Scheifele wins face-off versus Ryan Johansen in CALGARY FIREMEN zone.
16:13 of 1st period - Brendan Gallagher is hit by Mark Borowiecki and loses puck.
16:39 of 1st period - Oskar Lindblom is hit by Mark Borowiecki and loses puck.
16:47 of 1st period - Oskar Lindblom is hit by Mark Borowiecki and loses puck.
17:01 of 1st period - Minor Penalty to Mark Borowiecki for Slashing.
17:02 of 1st period - Adam Henrique wins face-off versus Jean-Gabriel Pageau in SAN DIEGO THUNDER zone.
19:04 of 1st period - Shot by Sonny Milano.
19:04 of 1st period - Deflect By Frans Nielsen.
19:04 of 1st period - Shot Misses the Net.
19:12 of 1st period - Shot by Logan Couture.
19:12 of 1st period - Stopped by Antti Raanta with a rebound.
19:56 of 1st period - Shot by Nikita Kucherov.
19:56 of 1st period - Deflect By Mark Scheifele.
19:56 of 1st period - Stopped by Antti Raanta without a rebound.
19:57 of 1st period - Brett Howden wins face-off versus Robert Fabbri in CALGARY FIREMEN zone.
19:57 of 1st period - Brett Howden is hit by Marcus Foligno.
Goals for this period are 4 for SAN DIEGO THUNDER vs 0 for CALGARY FIREMEN.
Shots for this period are 22 for SAN DIEGO THUNDER vs 4 for CALGARY FIREMEN.

2nd period


0:01 of 2nd period - Adam Henrique wins face-off versus Logan Couture in neutral zone.
0:20 of 2nd period - Shot by Logan Couture.
0:20 of 2nd period - Stopped by Antti Raanta without a rebound.
0:21 of 2nd period - Ryan Johansen wins face-off versus Marcus Foligno in CALGARY FIREMEN zone.
0:21 of 2nd period - Ryan Johansen is hit by Marcus Foligno.
0:32 of 2nd period - Brendan Gallagher is hit by Connor Murphy and loses puck.
1:00 of 2nd period - Brendan Gallagher is hit by Jean-Gabriel Pageau.
1:03 of 2nd period - Off-side.
1:04 of 2nd period - Adam Henrique wins face-off versus Logan Couture in neutral zone.
1:07 of 2nd period - Logan Couture is hit by Filip Forsberg and loses puck.
1:35 of 2nd period - Minor Penalty to David Perron for Hooking.
1:36 of 2nd period - Jean-Gabriel Pageau wins face-off versus Ryan Johansen in SAN DIEGO THUNDER zone.
1:45 of 2nd period - Shot by Oskar Lindblom.
1:45 of 2nd period - Stopped by Connor Hellebuyck without a rebound.
1:46 of 2nd period - Jean-Gabriel Pageau wins face-off versus Ryan Johansen in SAN DIEGO THUNDER zone.
3:04 of 2nd period - Shot by Filip Forsberg.
3:04 of 2nd period - Stopped by Connor Hellebuyck without a rebound.
3:05 of 2nd period - Ryan Johansen wins face-off versus Drake Batherson in SAN DIEGO THUNDER zone.
3:33 of 2nd period - Off-side.
3:34 of 2nd period - Adam Henrique wins face-off versus Drake Batherson in neutral zone.
3:50 of 2nd period - Sonny Milano is hit by Rasmus Dahlin.
3:55 of 2nd period - Frans Nielsen is hit by Deryk Engelland and loses puck.
4:36 of 2nd period - David Perron is hit by Jonathon Merrill and loses puck.
4:44 of 2nd period - David Perron is hit by Jonathon Merrill and loses puck.
4:53 of 2nd period - Shot by David Perron.
4:53 of 2nd period - Stopped by Antti Raanta without a rebound.
4:54 of 2nd period - Jean-Gabriel Pageau wins face-off versus Ryan Johansen in CALGARY FIREMEN zone.
5:31 of 2nd period - Brendan Gallagher is hit by Mark Borowiecki and loses puck.
5:47 of 2nd period - Jean-Gabriel Pageau is hit by Jonathon Merrill.
6:03 of 2nd period - Shot by David Perron.
6:03 of 2nd period - Stopped by Antti Raanta with a rebound.
6:13 of 2nd period - Shot by Ilya Mikheyev.
6:13 of 2nd period - Shot Misses the Net.
6:22 of 2nd period - Shot by Logan Couture.
6:22 of 2nd period - Shot Blocked by Filip Forsberg.
6:24 of 2nd period - Shot by Ilya Mikheyev.
6:24 of 2nd period - Deflect By David Perron.
6:24 of 2nd period - Stopped by Antti Raanta without a rebound.
6:25 of 2nd period - Mark Scheifele wins face-off versus Frans Nielsen in CALGARY FIREMEN zone.
6:51 of 2nd period - Shot by Sonny Milano.
6:51 of 2nd period - Stopped by Connor Hellebuyck without a rebound.
6:52 of 2nd period - Ryan Johansen wins face-off versus Ilya Mikheyev in SAN DIEGO THUNDER zone.
7:08 of 2nd period - Brendan Gallagher is hit by Connor Murphy and loses puck.
7:11 of 2nd period - Shot by Jake McCabe.
7:11 of 2nd period - Stopped by Connor Hellebuyck without a rebound.
7:12 of 2nd period - Adam Henrique wins face-off versus Mark Scheifele in SAN DIEGO THUNDER zone.
7:12 of 2nd period - Filip Forsberg is hit by Mark Borowiecki and loses puck.
7:21 of 2nd period - Charles McAvoy is hit by Adam Henrique and loses puck.
7:47 of 2nd period - Shot by Evander Kane.
7:47 of 2nd period - Stopped by Antti Raanta without a rebound.
7:48 of 2nd period - Logan Couture wins face-off versus Oskar Lindblom in CALGARY FIREMEN zone.
7:57 of 2nd period - Shot by Ilya Mikheyev.
7:57 of 2nd period - Stopped by Antti Raanta with a rebound.
8:01 of 2nd period - Shot by Logan Couture.
8:01 of 2nd period - Shot Misses the Net.
8:03 of 2nd period - Shot by Logan Couture.
8:03 of 2nd period - Shot Misses the Net.
8:05 of 2nd period - Shot by Connor Murphy.
8:05 of 2nd period - Stopped by Antti Raanta without a rebound.
8:06 of 2nd period - Brett Howden wins face-off versus Marcus Foligno in CALGARY FIREMEN zone.
8:06 of 2nd period - Sami Vatanen is hit by Marcus Foligno and loses puck.
8:13 of 2nd period - Shot by Marcus Foligno.
8:13 of 2nd period - Stopped by Antti Raanta with a rebound.
8:15 of 2nd period - Shot by Marcus Foligno.
8:15 of 2nd period - Stopped by Antti Raanta with a rebound.
8:17 of 2nd period - Shot by Jean-Gabriel Pageau.
8:17 of 2nd period - Shot Blocked by Brett Howden.
8:29 of 2nd period - Shot by Marcus Foligno.
8:29 of 2nd period - Stopped by Antti Raanta without a rebound.
8:30 of 2nd period - Adam Henrique wins face-off versus Nikita Kucherov in CALGARY FIREMEN zone.
8:30 of 2nd period - Adam Henrique is hit by Mark Borowiecki.
8:35 of 2nd period - Icing by Filip Forsberg.
8:36 of 2nd period - Mark Scheifele wins face-off versus Adam Henrique in CALGARY FIREMEN zone.
9:01 of 2nd period - Shot by Evander Kane.
9:01 of 2nd period - Deflect By Mark Scheifele.
9:01 of 2nd period - Shot Misses the Net.
9:13 of 2nd period - Shot by Filip Forsberg.
9:13 of 2nd period - Stopped by Connor Hellebuyck without a rebound.
9:14 of 2nd period - Logan Couture wins face-off versus Ryan Johansen in SAN DIEGO THUNDER zone.
9:14 of 2nd period - Logan Couture is hit by Oskar Lindblom.
9:22 of 2nd period - Shot by Brendan Gallagher.
9:22 of 2nd period - Stopped by Connor Hellebuyck without a rebound.
9:23 of 2nd period - Ryan Johansen wins face-off versus Logan Couture in SAN DIEGO THUNDER zone.
9:26 of 2nd period - Shot by Brendan Gallagher.
9:26 of 2nd period - Shot Blocked by Vladislav Gavrikov.
9:28 of 2nd period - Shot by Oskar Lindblom.
9:28 of 2nd period - Stopped by Connor Hellebuyck without a rebound.
9:29 of 2nd period - Ryan Johansen wins face-off versus Ilya Mikheyev in SAN DIEGO THUNDER zone.
9:37 of 2nd period - Icing by Vladislav Gavrikov.
9:38 of 2nd period - Ryan Johansen wins face-off versus Logan Couture in SAN DIEGO THUNDER zone.
9:55 of 2nd period - Brendan Gallagher is hit by Ilya Mikheyev and loses puck.
11:09 of 2nd period - Shot by Filip Forsberg.
11:09 of 2nd period - Deflect By Adam Henrique.
11:09 of 2nd period - Shot Misses the Net.
11:11 of 2nd period - Shot by Adam Henrique.
11:11 of 2nd period - Deflect By Viktor Arvidsson.
11:11 of 2nd period - Stopped by Connor Hellebuyck without a rebound.
11:12 of 2nd period - Jean-Gabriel Pageau wins face-off versus Frans Nielsen in SAN DIEGO THUNDER zone.
11:17 of 2nd period - Ryan Hartman is hit by Frans Nielsen and loses puck.
11:29 of 2nd period - Icing by Sami Vatanen.
11:30 of 2nd period - Mark Scheifele wins face-off versus Frans Nielsen in CALGARY FIREMEN zone.
11:38 of 2nd period - Frans Nielsen is hit by Deryk Engelland.
11:43 of 2nd period - Jonathon Merrill is hit by Deryk Engelland and loses puck.
11:49 of 2nd period - Off-side.
11:50 of 2nd period - Jean-Gabriel Pageau wins face-off versus Ryan Johansen in neutral zone.
12:29 of 2nd period - Icing by Andy Greene.
12:30 of 2nd period - Ryan Johansen wins face-off versus Mark Scheifele in CALGARY FIREMEN zone.
12:35 of 2nd period - Shot by Brendan Gallagher.
12:35 of 2nd period - Goal by Brendan Gallagher - SAN DIEGO THUNDER : 4 - CALGARY FIREMEN : 1.
12:36 of 2nd period - Mark Scheifele wins face-off versus Adam Henrique in neutral zone.
12:42 of 2nd period - Minor Penalty to Connor Murphy for Diving.
12:43 of 2nd period - Jean-Gabriel Pageau wins face-off versus Filip Forsberg in SAN DIEGO THUNDER zone.
13:17 of 2nd period - Icing by Sami Vatanen.
13:18 of 2nd period - Jean-Gabriel Pageau wins face-off versus Adam Henrique in CALGARY FIREMEN zone.
13:31 of 2nd period - Shot by Filip Forsberg.
13:31 of 2nd period - Shot Misses the Net.
14:17 of 2nd period - Shot by Ryan Johansen.
14:17 of 2nd period - Stopped by Connor Hellebuyck without a rebound.
14:18 of 2nd period - Jean-Gabriel Pageau wins face-off versus Adam Henrique in SAN DIEGO THUNDER zone.
15:20 of 2nd period - Icing by Jake McCabe.
15:21 of 2nd period - Logan Couture wins face-off versus Joakim Nygard in CALGARY FIREMEN zone.
16:00 of 2nd period - Shot by David Perron.
16:00 of 2nd period - Shot Misses the Net.
16:34 of 2nd period - Oskar Lindblom is hit by Marcus Foligno and loses puck.
17:03 of 2nd period - Shot by Viktor Arvidsson.
17:03 of 2nd period - Shot Misses the Net.
17:08 of 2nd period - Icing by Deryk Engelland.
17:09 of 2nd period - Brett Howden wins face-off versus Robert Fabbri in SAN DIEGO THUNDER zone.
17:53 of 2nd period - Shot by Nikita Kucherov.
17:53 of 2nd period - Stopped by Antti Raanta without a rebound.
17:54 of 2nd period - Adam Henrique wins face-off versus Logan Couture in CALGARY FIREMEN zone.
18:03 of 2nd period - Shot by Viktor Arvidsson.
18:03 of 2nd period - Stopped by Connor Hellebuyck without a rebound.
18:04 of 2nd period - Mark Scheifele wins face-off versus Adam Henrique in SAN DIEGO THUNDER zone.
18:28 of 2nd period - Shot by Nikita Kucherov.
18:28 of 2nd period - Shot Misses the Net.
18:30 of 2nd period - Shot by Mark Borowiecki.
18:30 of 2nd period - Stopped by Antti Raanta without a rebound.
18:31 of 2nd period - Logan Couture wins face-off versus Joakim Nygard in CALGARY FIREMEN zone.
18:59 of 2nd period - Shot by Ilya Mikheyev.
18:59 of 2nd period - Shot Hit the Post.
19:01 of 2nd period - Shot by Connor Murphy.
19:01 of 2nd period - Stopped by Antti Raanta with a rebound.
19:10 of 2nd period - Icing by Sami Vatanen.
19:11 of 2nd period - Mark Scheifele wins face-off versus Frans Nielsen in CALGARY FIREMEN zone.
19:17 of 2nd period - Minor Penalty to Mark Borowiecki for Roughing.
19:18 of 2nd period - Ryan Johansen wins face-off versus Jean-Gabriel Pageau in SAN DIEGO THUNDER zone.
19:21 of 2nd period - Shot by Oskar Lindblom.
19:21 of 2nd period - Shot Misses the Net.
19:23 of 2nd period - Shot by Sami Vatanen.
19:23 of 2nd period - Shot Misses the Net.
19:46 of 2nd period - Shot by Oskar Lindblom.
19:46 of 2nd period - Shot Misses the Net.
19:48 of 2nd period - Shot by Sami Vatanen.
19:48 of 2nd period - Shot Misses the Net.
19:50 of 2nd period - Shot by Brendan Gallagher.
19:50 of 2nd period - Shot Misses the Net.
19:52 of 2nd period - Shot by Brendan Gallagher.
19:52 of 2nd period - Deflect By Oskar Lindblom.
19:52 of 2nd period - Stopped by Connor Hellebuyck without a rebound.
19:53 of 2nd period - Adam Henrique wins face-off versus Drake Batherson in SAN DIEGO THUNDER zone.
Goals for this period are 0 for SAN DIEGO THUNDER vs 1 for CALGARY FIREMEN.
Shots for this period are 13 for SAN DIEGO THUNDER vs 12 for CALGARY FIREMEN.

3rd period


0:01 of 3rd period - Adam Henrique wins face-off versus Jean-Gabriel Pageau in neutral zone.
0:21 of 3rd period - Shot by Filip Forsberg.
0:21 of 3rd period - Shot Blocked by Charles McAvoy.
0:29 of 3rd period - Shot by Viktor Arvidsson.
0:29 of 3rd period - Shot Misses the Net.
0:35 of 3rd period - Shot by Viktor Arvidsson.
0:35 of 3rd period - Stopped by Connor Hellebuyck with a rebound.
0:37 of 3rd period - Shot by Jake McCabe.
0:37 of 3rd period - Shot Blocked by Charles McAvoy.
0:38 of 3rd period - Minor Penalty to Connor Murphy for Tripping.
0:39 of 3rd period - Ryan Hartman wins face-off versus Oskar Lindblom in SAN DIEGO THUNDER zone.
1:07 of 3rd period - Icing by Sami Vatanen.
1:08 of 3rd period - Ryan Johansen wins face-off versus Jean-Gabriel Pageau in CALGARY FIREMEN zone.
1:29 of 3rd period - Marcus Foligno is hit by Brendan Gallagher and loses puck.
1:52 of 3rd period - Shot by Viktor Arvidsson.
1:52 of 3rd period - Stopped by Connor Hellebuyck with a rebound.
1:54 of 3rd period - Shot by Jonathon Merrill.
1:54 of 3rd period - Stopped by Connor Hellebuyck without a rebound.
1:55 of 3rd period - Jean-Gabriel Pageau wins face-off versus Adam Henrique in SAN DIEGO THUNDER zone.
2:13 of 3rd period - Shot by Viktor Arvidsson.
2:13 of 3rd period - Shot Misses the Net.
2:21 of 3rd period - Shot by Adam Henrique.
2:21 of 3rd period - Deflect By Filip Forsberg.
2:21 of 3rd period - Goal by Filip Forsberg - SAN DIEGO THUNDER : 4 - CALGARY FIREMEN : 2.
2:22 of 3rd period - Mark Scheifele wins face-off versus Frans Nielsen in neutral zone.
2:40 of 3rd period - Joakim Nygard is hit by Connor Murphy and loses puck.
3:12 of 3rd period - Shot by Ryan Johansen.
3:12 of 3rd period - Shot Misses the Net.
3:14 of 3rd period - Shot by Brendan Gallagher.
3:14 of 3rd period - Shot Misses the Net.
3:19 of 3rd period - Shot by Oskar Lindblom.
3:19 of 3rd period - Shot Misses the Net.
3:45 of 3rd period - Shot by Oskar Lindblom.
3:45 of 3rd period - Stopped by Connor Hellebuyck with a rebound.
4:20 of 3rd period - Shot by Filip Forsberg.
4:20 of 3rd period - Deflect By Adam Henrique.
4:20 of 3rd period - Shot Misses the Net.
4:28 of 3rd period - Shot by Filip Forsberg.
4:28 of 3rd period - Shot Misses the Net.
5:00 of 3rd period - Shot by Jean-Gabriel Pageau.
5:00 of 3rd period - Stopped by Antti Raanta with a rebound.
5:08 of 3rd period - Shot by Ryan Hartman.
5:08 of 3rd period - Stopped by Antti Raanta without a rebound.
5:09 of 3rd period - Ryan Johansen wins face-off versus Logan Couture in CALGARY FIREMEN zone.
5:27 of 3rd period - Shot by Logan Couture.
5:27 of 3rd period - Shot Misses the Net.
5:29 of 3rd period - Shot by Ilya Mikheyev.
5:29 of 3rd period - Stopped by Antti Raanta without a rebound.
5:30 of 3rd period - Frans Nielsen wins face-off versus Jean-Gabriel Pageau in CALGARY FIREMEN zone.
5:43 of 3rd period - Shot by Frans Nielsen.
5:43 of 3rd period - Shot Misses the Net.
5:45 of 3rd period - Shot by Andy Greene.
5:45 of 3rd period - Stopped by Connor Hellebuyck without a rebound.
5:46 of 3rd period - Adam Henrique wins face-off versus Logan Couture in SAN DIEGO THUNDER zone.
5:59 of 3rd period - Shot by Logan Couture.
5:59 of 3rd period - Shot Misses the Net.
6:01 of 3rd period - Shot by David Perron.
6:01 of 3rd period - Shot Misses the Net.
6:03 of 3rd period - Shot by David Perron.
6:03 of 3rd period - Shot Blocked by Jonathon Merrill.
6:05 of 3rd period - Shot by David Perron.
6:05 of 3rd period - Stopped by Antti Raanta without a rebound.
6:06 of 3rd period - Jean-Gabriel Pageau wins face-off versus Ryan Johansen in CALGARY FIREMEN zone.
6:18 of 3rd period - Ryan Hartman is hit by Andy Greene.
6:52 of 3rd period - Icing by Mark Borowiecki.
6:53 of 3rd period - Adam Henrique wins face-off versus Jean-Gabriel Pageau in SAN DIEGO THUNDER zone.
7:21 of 3rd period - Minor Penalty to David Perron for Interference.
7:22 of 3rd period - Ryan Johansen wins face-off versus Drake Batherson in SAN DIEGO THUNDER zone.
8:28 of 3rd period - Shot by Adam Henrique.
8:28 of 3rd period - Goal by Adam Henrique - SAN DIEGO THUNDER : 4 - CALGARY FIREMEN : 3.
8:29 of 3rd period - Frans Nielsen wins face-off versus Logan Couture in neutral zone.
8:34 of 3rd period - Shot by Sonny Milano.
8:34 of 3rd period - Deflect By Joakim Nygard.
8:34 of 3rd period - Stopped by Connor Hellebuyck with a rebound.
8:36 of 3rd period - Shot by Jake McCabe.
8:36 of 3rd period - Shot Misses the Net.
9:07 of 3rd period - Minor Penalty to Deryk Engelland for Hooking.
9:08 of 3rd period - Jean-Gabriel Pageau wins face-off versus Adam Henrique in SAN DIEGO THUNDER zone.
9:08 of 3rd period - Jean-Gabriel Pageau is hit by Adam Henrique.
10:11 of 3rd period - Icing by Jonathon Merrill.
10:12 of 3rd period - Adam Henrique wins face-off versus Drake Batherson in CALGARY FIREMEN zone.
10:12 of 3rd period - Adam Henrique is hit by Marcus Foligno.
11:07 of 3rd period - Shot by Oskar Lindblom.
11:07 of 3rd period - Shot Blocked by Rasmus Dahlin.
11:10 of 3rd period - Icing by Deryk Engelland.
11:11 of 3rd period - Frans Nielsen wins face-off versus Mark Scheifele in SAN DIEGO THUNDER zone.
11:22 of 3rd period - Shot by Frans Nielsen.
11:22 of 3rd period - Shot Misses the Net.
11:24 of 3rd period - Shot by Brent Seabrook.
11:24 of 3rd period - Stopped by Connor Hellebuyck without a rebound.
11:25 of 3rd period - Brett Howden wins face-off versus Logan Couture in SAN DIEGO THUNDER zone.
12:01 of 3rd period - Off-side.
12:02 of 3rd period - Adam Henrique wins face-off versus Jean-Gabriel Pageau in neutral zone.
12:09 of 3rd period - Shot by Jean-Gabriel Pageau.
12:09 of 3rd period - Stopped by Antti Raanta without a rebound.
12:10 of 3rd period - Adam Henrique wins face-off versus Mark Scheifele in CALGARY FIREMEN zone.
12:27 of 3rd period - Shot by Viktor Arvidsson.
12:27 of 3rd period - Stopped by Connor Hellebuyck with a rebound.
13:17 of 3rd period - Shot by Ryan Johansen.
13:17 of 3rd period - Stopped by Connor Hellebuyck without a rebound.
13:18 of 3rd period - Frans Nielsen wins face-off versus Logan Couture in SAN DIEGO THUNDER zone.
13:38 of 3rd period - Icing by Sami Vatanen.
13:39 of 3rd period - Ryan Hartman wins face-off versus Frans Nielsen in CALGARY FIREMEN zone.
13:46 of 3rd period - Shot by Marcus Foligno.
13:46 of 3rd period - Stopped by Antti Raanta without a rebound.
13:47 of 3rd period - Adam Henrique wins face-off versus Mark Scheifele in CALGARY FIREMEN zone.
14:06 of 3rd period - Icing by Charles McAvoy.
14:07 of 3rd period - Mark Scheifele wins face-off versus Brendan Gallagher in SAN DIEGO THUNDER zone.
15:12 of 3rd period - Shot by Ryan Hartman.
15:12 of 3rd period - Shot Misses the Net.
15:14 of 3rd period - Shot by Jean-Gabriel Pageau.
15:14 of 3rd period - Stopped by Antti Raanta without a rebound.
15:15 of 3rd period - Adam Henrique wins face-off versus Logan Couture in CALGARY FIREMEN zone.
15:15 of 3rd period - Viktor Arvidsson is hit by Deryk Engelland and loses puck.
15:42 of 3rd period - Icing by Sami Vatanen.
15:43 of 3rd period - Adam Henrique wins face-off versus Jean-Gabriel Pageau in CALGARY FIREMEN zone.
17:38 of 3rd period - Shot by Ryan Johansen.
17:38 of 3rd period - Stopped by Connor Hellebuyck without a rebound.
17:39 of 3rd period - Adam Henrique wins face-off versus Logan Couture in SAN DIEGO THUNDER zone.
19:03 of 3rd period - Icing by Nikita Kucherov.
19:04 of 3rd period - Mark Scheifele wins face-off versus Adam Henrique in SAN DIEGO THUNDER zone.
19:07 of 3rd period - CALGARY FIREMEN, Antti Raanta is pulled from the net.
19:30 of 3rd period - Shot by Brendan Gallagher.
19:30 of 3rd period - Shot Misses the Net.
19:38 of 3rd period - Shot by Brendan Gallagher.
19:38 of 3rd period - Goal by Brendan Gallagher - SAN DIEGO THUNDER : 4 - CALGARY FIREMEN : 4.
19:38 of 3rd period - Antti Raanta from CALGARY FIREMEN was sent back in the game.
19:39 of 3rd period - Frans Nielsen wins face-off versus Logan Couture in neutral zone.
19:51 of 3rd period - Off-side.
19:52 of 3rd period - Brett Howden wins face-off versus Logan Couture in neutral zone.
Goals for this period are 0 for SAN DIEGO THUNDER vs 3 for CALGARY FIREMEN.
Shots for this period are 7 for SAN DIEGO THUNDER vs 13 for CALGARY FIREMEN.

Overtime #1


0:01 of 1st overtime period - Mark Scheifele wins face-off versus Viktor Arvidsson in neutral zone.
0:14 of 1st overtime period - Shot by Mark Scheifele.
0:14 of 1st overtime period - Shot Blocked by Viktor Arvidsson.
0:16 of 1st overtime period - Shot by Connor Murphy.
0:16 of 1st overtime period - Shot Blocked by Jonathon Merrill.
0:25 of 1st overtime period - Off-side.
0:26 of 1st overtime period - Mark Scheifele wins face-off versus Viktor Arvidsson in neutral zone.
0:31 of 1st overtime period - Shot by Mark Scheifele.
0:31 of 1st overtime period - Stopped by Antti Raanta with a rebound.
0:49 of 1st overtime period - Shot by Filip Forsberg.
0:49 of 1st overtime period - Stopped by Connor Hellebuyck without a rebound.
0:50 of 1st overtime period - Adam Henrique wins face-off versus Evander Kane in SAN DIEGO THUNDER zone.
1:25 of 1st overtime period - Shot by Adam Henrique.
1:25 of 1st overtime period - Shot Blocked by Charles McAvoy.
1:27 of 1st overtime period - Shot by Sami Vatanen.
1:27 of 1st overtime period - Stopped by Connor Hellebuyck without a rebound.
1:28 of 1st overtime period - Mark Scheifele wins face-off versus Viktor Arvidsson in SAN DIEGO THUNDER zone.
1:37 of 1st overtime period - Shot by Mark Scheifele.
1:37 of 1st overtime period - Shot Misses the Net.
3:24 of 1st overtime period - Shot by Brendan Gallagher.
3:24 of 1st overtime period - Stopped by Connor Hellebuyck with a rebound.
3:32 of 1st overtime period - Shot by Ilya Mikheyev.
3:32 of 1st overtime period - Shot Blocked by Brendan Gallagher.
3:38 of 1st overtime period - Shot by Jean-Gabriel Pageau.
3:38 of 1st overtime period - Stopped by Antti Raanta without a rebound.
3:39 of 1st overtime period - Mark Scheifele wins face-off versus Ryan Johansen in CALGARY FIREMEN zone.
3:50 of 1st overtime period - Shot by Mark Scheifele.
3:50 of 1st overtime period - Goal by Mark Scheifele - SAN DIEGO THUNDER : 5 - CALGARY FIREMEN : 4.
Goals for this period are 1 for SAN DIEGO THUNDER vs 0 for CALGARY FIREMEN.
Shots for this period are 3 for SAN DIEGO THUNDER vs 3 for CALGARY FIREMEN.


AUSTON
MATTHEWS
JOEL
ERIKSSON
MATHEW
BARZAL

EAST COAST

HOCKEY LEAGUE

  • 21.PIT7MAN3
  • 22.ATL3NHW4
  • 23.WOR5PET4
  • 24.3RHI4
  • 25.QUECHI
  • 26.CHALIM
  • 27.TRVLON
  • 28.CHWBAL